 Dungeon Crawl Stone Soup version 0.19-a0-1888-g6ba2374 (webtiles) character file.

534 Naow the Chopper (level 7, -1/52 HPs)
             Began as a Formicid Fighter on Oct 17, 2016.
             Slain by HANFGEIST's ghost (5 damage)
             ... in an ossuary.
             The game lasted 00:05:08 (3107 turns).

Naow the Chopper (Formicid Fighter)                 Turns: 3107, Time: 00:05:09

Health: -1/52      AC:  6    Str: 27    XL:     7   Next: 49%
Magic:  7/7        EV:  8    Int:  8    God:
Gold:   138        SH: 10    Dex: 10    Spells: 0 memorised, 6 levels left

rFire  . . .     SeeInvis +     a - +0 war axe
rCold  . . .     Gourm    .     b - +0 scale mail
rNeg   . . .     Faith    .     c - +0 shield
rPois  .         Spirit   .     (helmet unavailable)
rElec  .         Dismiss  .     (no cloak)
rCorr  .         Reflect  .     (no gloves)
MR     .....     Harm     .     (no boots)
Stlth  ..........               (no amulet)
                                (no ring)
                                (no ring)

@: mighty
A: permanent stasis, dig shafts and tunnels, four strong arms, antennae 3
a: Dig, Shaft Self


You were in an ossuary.
You were not hungry.

You visited 1 branch of the dungeon, and saw 4 of its levels.
You also visited: Ossuary.

You collected 138 gold pieces.

Inventory:

Hand Weapons
 a - a +0 war axe (weapon)
Armour
 b - a +0 scale mail (worn)
 c - a +0 shield (worn)
Jewellery
 h - an uncursed ring of magical power {unknown}
 A - an uncursed ring of protection from cold {unknown}
Wands
 q - a wand of flame (11/48)
 t - a wand of flame (22/48)
 v - a wand of digging (17/24)
 y - a wand of heal wounds (5/9)
Scrolls
 i - a scroll of blinking {unknown}
 m - 3 scrolls of magic mapping {unknown}
 o - a scroll of enchant weapon {unknown}
 p - a scroll of amnesia {unknown}
 x - a scroll of noise {unknown}
 z - a scroll of identify {unknown}
 B - a scroll of fog {unknown}
Potions
 e - 3 potions of brilliance
 g - a potion of agility {unknown}
 j - 4 potions of curing {unknown}
 k - a potion of flight {unknown}
 r - a potion of ambrosia {unknown}
 s - a potion of magic {unknown}
 u - a potion of heal wounds {unknown}
 w - 2 potions of mutation {unknown}
Comestibles
 f - a bread ration


   Skills:
 - Level 3.2 Fighting
 + Level 7.7 Axes
 - Level 3.2 Armour
 - Level 3.6 Shields


You had 6 spell levels left.
You didn't know any spells.

Dungeon Overview and Level Annotations

Branches:
Dungeon (4/15)
 Temple: D:4-7

Altars:
Ashenzari
Fedhas
Hepliaklqana
Kikubaaqudgha
Zin

Annotations:
Ossuary HANFGEIST's ghost, novice DEWz


Innate Abilities, Weirdness & Mutations

You are under a permanent stasis effect.
You can dig through walls and to a lower floor.
Your four strong arms can wield two-handed weapons with a shield.
You have a pair of large antennae on your head. (SInv)


Message History

HANFGEIST's ghost hits you!
* * * LOW HITPOINT WARNING * * *
HANFGEIST's ghost burns you.
* * * LOW HITPOINT WARNING * * *
The mummy hits you.
* * * LOW HITPOINT WARNING * * *
You closely miss HANFGEIST's ghost.
HANFGEIST's ghost is heavily damaged.
You slash the mummy!
You destroy the mummy!
You slash the orc zombie!
You destroy the orc zombie!
You block HANFGEIST's ghost's attack.
HANFGEIST's ghost hits you but does no damage.
You miss HANFGEIST's ghost.
HANFGEIST's ghost is heavily damaged.
You slash the kobold zombie!
You destroy the kobold zombie!
HANFGEIST's ghost hits you.
You die...

##################
.................#
.................#
.....8..8........#
.................#
######.W######...#
{ #.@#{ {#...#
#..# #...# { #..#
#...# .... {#...#
....# #...# .....#
#...# ......#
{#...# .....∩.#
#...# #...#


You could see HANFGEIST's ghost.

Vanquished Creatures
  Menkaure (D:4)
  An elf skeleton (D:4)
  A centaur zombie (Ossuary)
  Jessica (D:2)
  A human skeleton (D:4)
  Natasha (thrice) (D:2)
  A big kobold zombie (Ossuary)
  A mummy (Ossuary)
  Robin (D:3)
  4 adders
  2 worms
  3 dart slugs (D:1)
  8 orcs
  9 bats
  2 giant cockroaches (D:1)
  15 goblins
  13 hobgoblins
  12 jackals (D:2)
  7 kobolds
  9 frilled lizards
  6 hobgoblin zombies (Ossuary)
  A jackal zombie (Ossuary)
  8 kobold zombies (Ossuary)
  6 orc zombies (Ossuary)
  11 rats
127 creatures vanquished.

Notes
Turn   | Place    | Note
-------+----------+-------------------------------------------
     0 | D:1      | Naow the Formicid Fighter began the quest for the Orb.
     0 | D:1      | Reached XP level 1. HP: 18/18 MP: 1/1
   131 | D:1      | Reached XP level 2. HP: 24/24 MP: 2/2
   354 | D:1      | Reached skill level 3 in Axes
   416 | D:1      | Reached XP level 3. HP: 27/29 MP: 3/3
   992 | D:2      | Noticed Jessica
  1005 | D:2      | Killed Jessica
  1005 | D:2      | Reached skill level 4 in Axes
  1005 | D:2      | Reached XP level 4. HP: 12/35 MP: 4/4
  1360 | D:2      | Reached XP level 5. HP: 28/41 MP: 5/5
  1368 | D:2      | Noticed Natasha
  1373 | D:2      | Killed Natasha
  1373 | D:2      | Reached skill level 5 in Axes
  1547 | D:2      | Noticed Natasha
  1555 | D:2      | Killed Natasha
  1713 | D:2      | Noticed Natasha
  1725 | D:2      | Killed Natasha
  2017 | D:2      | Found a blossoming altar of Fedhas.
  2019 | D:2      | Found a glowing silver altar of Zin.
  2021 | D:2      | Reached XP level 6. HP: 47/47 MP: 6/6
  2027 | D:2      | Found a shattered altar of Ashenzari.
  2063 | D:2      | Found an ancient bone altar of Kikubaaqudgha.
  2066 | D:2      | Found a hazy altar of Hepliaklqana.
  2185 | D:3      | Noticed Robin
  2200 | D:3      | Killed Robin
  2200 | D:3      | Reached skill level 6 in Axes
  2721 | D:4      | Noticed Menkaure
  2728 | D:4      | Killed Menkaure
  2728 | D:4      | Reached skill level 7 in Axes
  2728 | D:4      | Reached XP level 7. HP: 6/52 MP: 7/7
  3001 | D:4      | Found a sand-covered staircase.
  3027 | Ossuary  | Entered an ossuary
  3088 | Ossuary  | Noticed HANFGEIST's ghost (novice DEWz)
  3107 | Ossuary  | Slain by HANFGEIST's ghost

Vault maps used:
D:1:      doesnt_arrival_eight_statues
D:2:      grunt_temple_overflow_open, uniq_natasha, uniq_jessica
D:3:      hangedman_abyss_or_decor_lesser_grid, uniq_robin
D:4:      first_bread, nicolae_ossuary_entry_catacombs, uniq_pikel,
          uniq_menkaure, uniq_edmund, uniq_blork_the_orc
Ossuary:  ossuary_tomb_1

Skill      XL: |  1  2  3  4  5  6 |
---------------+-------------------+-----
Axes           | 3 4 5 7 |  7.7
Fighting       | |  3.2
Armour         | |  3.2
Shields        | |  3.6

Action                   |  1- 3 |  4- 6 |  7- 9 || total
-------------------------+-------+-------+-------++-------
Melee: War axe           |   122 |   195 |    70 ||   387
  Use: Potion            |       |     1 |     1 ||     2
  Eat: Chunk             |     1 |     5 |     1 ||     7
       Beef jerky        |       |       |     1 ||     1
Armor: Scale mail        |    48 |    99 |    18 ||   165
Dodge: Dodged            |    38 |    81 |    18 ||   137
Block: Shield            |    53 |   108 |    24 ||   185
